 Dungeon Crawl Stone Soup version 0.27.1-33-g824d729ab1 (webtiles) character file.

Game seed: 18355263812036419881

28 potato4science the Grave Robber (level 3, -1/25 HPs)
             Began as a Gnoll Wanderer on Dec 17, 2021.
             Succumbed to an adder's poison
             ... on level 2 of the Dungeon.
             The game lasted 00:07:32 (1114 turns).

potato4science the Grave Robber (Gnoll Wanderer)    Turns: 1114, Time: 00:07:32

Health: -1/25      AC:  3    Str: 12    XL:     3   Next: 14%
Magic:  7/7        EV: 11    Int: 13    God:
Gold:   52         SH:  0    Dex:  9    Spells: 6/7 levels left

rFire    . . .     SeeInvis .   a - +0 mace
rCold    . . .     Faith    .   (no shield)
rNeg     . . .     Spirit   .   d - +0 robe
rPois    .         Reflect  .   (no helmet)
rElec    .         Harm     .   (no cloak)
rCorr    .         Rampage  .   e - +0 pair of gloves
Will     .....                  (no boots)
Stlth    +.........             (no amulet)
HPRegen  0.08/turn              (no ring)
MPRegen  0.10/turn              (no ring)

@: lethally poisoned (-1 -> -7)
A: fangs 1, strong nose, distributed training
a: no special abilities


You were on level 2 of the Dungeon.
You visited 1 branch of the dungeon, and saw 2 of its levels.

You collected 52 gold pieces.

Inventory:

Hand Weapons
 a - a +0 mace (weapon)
 b - a +0 hand crossbow
Missiles
 c - 17 bolts
Armour
 d - a +0 robe (worn)
 e - a +0 pair of gloves (worn)
Jewellery
 h - a ring of fire
Scrolls
 f - a scroll of amnesia {unknown}
 g - a scroll of identify {unknown}


   Skills:
 + Level 0.6 Fighting
 + Level 0.6 Short Blades
 + Level 0.6 Long Blades
 + Level 0.6 Axes
 + Level 0.6 Maces & Flails
 + Level 0.6 Polearms
 + Level 0.6 Staves
 + Level 0.6 Slings
 + Level 0.6 Bows
 + Level 2.5 Crossbows
 + Level 2.5 Throwing
 + Level 4.5 Armour
 + Level 0.6 Dodging
 + Level 0.6 Stealth
 + Level 2.5 Shields
 + Level 0.6 Unarmed Combat
 + Level 2.8 Spellcasting
 + Level 0.4 Conjurations
 + Level 0.4 Hexes
 + Level 0.4 Summonings
 + Level 5.4 Necromancy
 + Level 0.4 Translocations
 + Level 0.4 Transmutations
 + Level 0.4 Fire Magic
 + Level 0.4 Ice Magic
 + Level 0.4 Air Magic
 + Level 2.1 Earth Magic
 + Level 0.4 Poison Magic
 + Level 0.8 Invocations
 + Level 0.6 Evocations


You had 6 spell levels left.
You knew the following spells:

 Your Spells              Type           Power      Damage    Failure   Level
a - Animate Skeleton      Necr           30%        N/A       2%          1

Your spell library contained the following spells:

 Spells                   Type           Power      Damage    Failure   Level
 Pain                     Necr           60%        1d7       2%          1
 Vampiric Draining        Necr           7%         2d7       8%          3
 Animate Dead             Necr           7%         N/A       26%         4
 Dispel Undead            Necr           15%        3d10      26%         4
 Static Discharge         Conj/Air       3%         N/A       28%         2
 Agony                    Necr           15%        N/A       56%         5
 Sticky Flame             Conj/Fire      3%         2d3       88%         4


Dungeon Overview and Level Annotations

Branches:
Dungeon (2/15)

Altars:

Shops:
D:1 :


Innate Abilities, Weirdness & Mutations

You have very sharp teeth.
Your uncanny sense of smell can sniff out nearby items.
Your experience applies equally to all skills.


Message History

You hit the adder but do no damage. You bite the adder.
The adder is lightly wounded.
You feel sick. The adder misses you. The adder closely misses you.
You hit the adder.
The adder is heavily wounded.
You feel sick. The adder closely misses you.
The adder bites you but does no damage.
You barely miss the adder.
The adder is heavily wounded.
You feel sick. The adder bites you.
You hit the adder.
The adder is heavily wounded.
You feel sick.
You are no longer poisoned.
The adder misses you. The adder barely misses you.
You miss the adder.
The adder is heavily wounded.
The adder bites you. x2
You miss the adder.
The adder is heavily wounded.
The adder bites you.
* * * LOW HITPOINT WARNING * * *
You are poisoned.
The adder poisons you! The adder closely misses you.
You barely miss the adder.
The adder is heavily wounded.
* * * LOW HITPOINT WARNING * * *
You feel sick. The adder bites you.
* * * LOW HITPOINT WARNING * * *
You are more poisoned.
The adder poisons you! The adder misses you.
Unknown command.
You closely miss the adder.
The adder is heavily wounded.
* * * LOW HITPOINT WARNING * * *
You feel sick. The adder closely misses you.
Unknown command.
You barely miss the adder. Your bite misses the adder.
The adder is heavily wounded.
You die...

..###......#....
.(. #####.##....#
#.. #.##....#
...##########....#
#.##.............#
#.##.##### #....#
#.##....<#
##S##.....#
#.@.......#
#..##.....#
#..##.....#
#..######.# ....
#.# #...# #.#
#....∆ #...#


You could see an adder.

Vanquished Creatures
  A dart slug (D:1)
  An endoplasm (D:1)
  A goblin (D:1)
  3 hobgoblins (D:1)
  2 jackals (D:1)
  A kobold (D:1)
  4 ball pythons (D:1)
  4 bats
  2 frilled lizards (D:1)
  3 rats (D:1)
22 creatures vanquished.

Vanquished Creatures (collateral kills)
  A hobgoblin (D:1)
  A quokka (D:1)
2 creatures vanquished.

Grand Total: 24 creatures vanquished

Notes
Turn   | Place    | Note
-------+----------+-------------------------------------------
     0 | D:1      | potato4science the Gnoll Wanderer began the quest for the
                  | Orb.
     0 | D:1      | potato4science set off with the following items: a +0 mace,
                  | a +0 hand crossbow, 23 bolts, a +0 robe; and the following
                  | spells available to memorise: Animate Skeleton, Pain,
                  | Vampiric Draining, Animate Dead, Agony
     0 | D:1      | Reached XP level 1. HP: 13/13 MP: 4/4
     2 | D:1      | Learned a level 1 spell: Animate Skeleton
    93 | D:1      | Found Lixeqel's Book Shop.
   101 | D:1      | Reached XP level 2. HP: 19/19 MP: 5/5
   657 | D:1      | Reached XP level 3. HP: 19/25 MP: 7/7
  1113 | D:2      | HP: 1/25 [poisoned by an adder]
  1114 | D:2      | Succumbed to an adder's poison

Illustrated notes

Levels and vault maps discovered:
D:1:      mrwooster_arrival_statue_2, layout_loops_cross, serial_shops, shop
D:2:      layout_basic, serial_shops, nicolae_shop_statue_plus,
          basic_ecumenical_altar, uniq_robin

Skill      XL: |  1 |
---------------+----+-----
Earth Magic    | 2 |  2.1
Fighting       | |  0.6
Short Blades   | |  0.6
Long Blades    | |  0.6
Axes           | |  0.6
Maces & Flails | |  0.6
Polearms       | |  0.6
Staves         | |  0.6
Slings         | |  0.6
Bows           | |  0.6
Crossbows      | |  2.5
Throwing       | |  2.5
Armour         | |  4.5
Dodging        | |  0.6
Stealth        | |  0.6
Shields        | |  2.5
Unarmed Combat | |  0.6
Spellcasting   | |  2.8
Conjurations   | |  0.4
Hexes          | |  0.4
Summonings     | |  0.4
Necromancy     | |  5.4
Translocations | |  0.4
Transmutations | |  0.4
Fire Magic     | |  0.4
Ice Magic      | |  0.4
Air Magic      | |  0.4
Poison Magic   | |  0.4
Invocations    | |  0.8
Evocations     | |  0.6

Action                   || total
-------------------------++-------
Melee: Mace              ||    46
       Bite              ||     5
 Fire: Hand crossbow     ||    28
 Cast: Animate Skeleton  ||     4
Armor: Robe              ||    23
Dodge: Dodged            ||    39
